[Event "GER-ch Youth U12 2019"]
[Site "Willingen"]
[Date "2019.06.13"]
[Round "7.6"]
[White "Ohler, Julius"]
[Black "Hagner, Bennet"]
[Result "1-0"]
[ECO "D10"]
[WhiteElo "1837"]
[BlackElo "1900"]
[Annotator "NA"]
[PlyCount "78"]
[EventDate "2019.06.07"]
[EventType "swiss"]
[EventRounds "9"]
[EventCountry "GER"]
[SourceTitle "playchess.com"]
[Source "ChessBase"]
[SourceQuality "1"]
[TimeControl "40/4500+30:900+30"]

1. c4 c6 2. d4 d5 3. cxd5 cxd5 4. Nc3 Nf6 5. Bf4 Nc6 6. e3 a6 7. Nf3 Bg4 8. h3 Bf5 9. Qb3 Na5 10. Qa4+ Bd7 11. Qc2 e6 12. Bd3 Rc8 13. O-O Be7 14. Rfc1 O-O 15. Ne5 b5 16. Qd2 Nc4 17. Bxc4 bxc4 18. b3 Bb4 19. f3 cxb3 20. axb3 Bb5 21. Nd3 Bxd3 22. Qxd3 Bxc3 23. Rxc3 Rxc3 24. Qxc3 Qb6 25. Kf2 h6 26. b4 Nd7 27. Bc7 Qb7 28. Bd6 Rc8 29. Bc5 Qb5 30. Ra5 Qb7 31. Qa3 Nxc5 32. bxc5 Rc6 33. Ra4 g6 34. Qb4 Qc7 35. Qa5 Qxa5 36. Rxa5 e5 37. dxe5 f6 38. exf6 Kf7 39. Ke2 Kxf6 {[%emt 0:00:17] normal} 1-0

[Event "GER-ch Youth U12 2019"]
[Site "Willingen"]
[Date "2019.06.13"]
[Round "7.7"]
[White "Woltmann, Peter"]
[Black "Stork, Christopher"]
[Result "0-1"]
[ECO "B23"]
[WhiteElo "1471"]
[BlackElo "1817"]
[Annotator "NA"]
[PlyCount "62"]
[EventDate "2019.06.07"]
[EventType "swiss"]
[EventRounds "9"]
[EventCountry "GER"]
[SourceTitle "playchess.com"]
[Source "ChessBase"]
[SourceQuality "1"]
[TimeControl "40/4500+30:900+30"]

1. e4 c5 2. Nc3 e6 3. Nge2 Nc6 4. g3 a6 5. a4 Nge7 6. Bg2 d6 7. O-O g6 8. d4 cxd4 9. Nxd4 Bg7 10. Be3 O-O 11. h4 e5 12. Nb3 f5 13. f4 Be6 14. Nd5 exf4 15. Bb6 Qd7 16. Nxf4 Bxb3 17. cxb3 Bxb2 18. Ra2 Be5 19. Nd5 Bxg3 20. exf5 Nxf5 21. h5 Ne5 22. Nc7 Rac8 23. Bd5+ Kh8 24. Be6 Qc6 25. Nd5 Rb8 26. hxg6 hxg6 27. Rg2 Ng7 28. Rxg3 Nxe6 29. Qd2 Rxf1+ {[%emt 0:00:47] normal} 30. Kxf1 Rf8+ 31. Ke2 {[%emt 0:00:33] normal} Qxd5 {[%emt 0:01:22] normal} 0-1

[Event "GER-ch Youth U12 2019"]
[Site "Willingen"]
[Date "2019.06.13"]
[Round "7.8"]
[White "Breitkopf-Lazar, Patrick-Robert"]
[Black "Amato, Cristiano"]
[Result "1/2-1/2"]
[ECO "B32"]
[WhiteElo "1659"]
[BlackElo "1800"]
[Annotator "NA"]
[PlyCount "122"]
[EventDate "2019.06.07"]
[EventType "swiss"]
[EventRounds "9"]
[EventCountry "GER"]
[SourceTitle "playchess.com"]
[Source "ChessBase"]
[SourceQuality "1"]
[TimeControl "40/4500+30:900+30"]

1. e4 c5 2. Nf3 Nc6 3. d4 cxd4 4. Nxd4 e5 5. Nb5 a6 6. Nd6+ Bxd6 7. Qxd6 Qf6 8. Qd1 Qg6 9. Nc3 d5 10. Nxd5 Qxe4+ 11. Be3 Nd4 12. Nc7+ Ke7 13. Rc1 Bg4 14. Qd3 Qxd3 15. Bxd3 Rd8 16. f3 Bc8 17. Rd1 Kd6 18. Na8 Be6 19. Nb6 Kc7 20. Na4 b5 21. Nc5 Bc8 22. Kf2 Ne7 23. c3 Ne6 24. a4 Kc6 25. axb5+ axb5 26. b4 Nd5 27. Be4 Nec7 28. g4 Rd6 29. Nd3 f6 30. Bc5 Rd7 31. Rd2 g6 32. Rhd1 Rhd8 33. Nb2 Ba6 34. h3 Kb7 35. Be7 Rxe7 36. Bxd5+ Rxd5 37. Rxd5 Nxd5 38. Rxd5 Kc6 39. Rc5+ Kb6 40. Nd1 Rc7 41. Rxc7 Kxc7 42. Ne3 Kd6 43. Kg3 Bb7 44. Kf2 Ke6 45. Kg3 f5 46. gxf5+ gxf5 47. Kf2 h5 48. Nc2 f4 49. Na3 Ba6 50. Nb1 Kd5 51. Nd2 Bb7 52. Kg2 Bc6 53. Kf2 Ke6 54. Kg2 Kf5 55. Kf2 e4 56. fxe4+ Bxe4 57. c4 bxc4 58. Nxc4 Ke6 59. Nd2 Bb7 {[%emt 0:00:00] normal} 60. Nf3 {[%emt 0:00:16] normal} Kd5 {[%emt 0:00:00] normal} 61. Ng5 {normal} Bc8 {[%emt 0:00:00] normal} 1/2-1/2

[Event "GER-ch Youth U12 2019"]
[Site "Willingen"]
[Date "2019.06.13"]
[Round "7.9"]
[White "Malchereck, Zion"]
[Black "Guo, Philipp Ziming"]
[Result "1/2-1/2"]
[ECO "B08"]
[WhiteElo "1438"]
[BlackElo "1674"]
[Annotator "NA"]
[PlyCount "48"]
[EventDate "2019.06.07"]
[EventType "swiss"]
[EventRounds "9"]
[EventCountry "GER"]
[SourceTitle "playchess.com"]
[Source "ChessBase"]
[SourceQuality "1"]
[TimeControl "40/4500+30:900+30"]

1. e4 d6 2. d4 Nf6 3. Nc3 g6 4. Nf3 Bg7 5. Bc4 Nxe4 6. Nxe4 d5 7. Bd3 dxe4 8. Bxe4 O-O 9. Be3 c6 10. c3 Nd7 11. O-O Qc7 12. Rc1 Nf6 13. Bd3 Nd5 14. a3 Rd8 15. Qd2 Nxe3 16. fxe3 c5 17. b4 b6 18. Be4 Bb7 19. Bxb7 Qxb7 20. Ng5 Bf6 21. Nf3 Qd5 22. c4 Qd7 23. Rfd1 cxb4 24. Qxb4 Qd6 {normal} 1/2-1/2

[Event "GER-ch Youth U12 2019"]
[Site "Willingen"]
[Date "2019.06.13"]
[Round "7.10"]
[White "Rempe, Jonas"]
[Black "von Mettenheim, Johannes"]
[Result "0-1"]
[ECO "B19"]
[WhiteElo "1781"]
[BlackElo "1757"]
[Annotator "NA"]
[PlyCount "111"]
[EventDate "2019.06.07"]
[EventType "swiss"]
[EventRounds "9"]
[EventCountry "GER"]
[SourceTitle "playchess.com"]
[Source "ChessBase"]
[SourceQuality "1"]
[TimeControl "40/4500+30:900+30"]

1. e4 c6 2. d4 d5 3. Nd2 dxe4 4. Nxe4 Bf5 5. Ng3 Bg6 6. h4 h6 7. Nf3 Nd7 8. h5 Bh7 9. Bd3 Bxd3 10. Qxd3 e6 11. Bd2 Ngf6 12. O-O-O Be7 13. Kb1 O-O 14. Ne4 Nxe4 15. Qxe4 Nf6 16. Qe2 Qd5 17. Rde1 Rfd8 18. g4 Nxg4 19. Reg1 f5 20. Nh2 Nxh2 21. Rxh2 Kh7 22. Qe3 Qxd4 23. Qxe6 Qf6 24. Qe3 Bc5 25. Qc3 Qxc3 26. Bxc3 Bd4 27. Rhg2 Bxc3 28. bxc3 Rd7 29. Rg3 Re8 30. Rf3 Re5 31. Rf4 Rd6 32. Rf3 g5 33. hxg6+ Rxg6 34. Rd1 Rb5+ 35. Kc1 h5 36. Re3 f4 37. Re4 Rf5 38. Rdd4 Rgf6 39. f3 Kg6 40. Rd2 Rd5 41. Rxd5 cxd5 42. Re5 Rf5 43. Re7 h4 44. Rxb7 h3 45. Rb1 h2 46. Kd2 Rg5 47. Rh1 Rg2+ 48. Kd3 Kf5 49. a4 Rf2 50. Kd4 Ke6 51. c4 dxc4 52. Kxc4 Rxc2+ 53. Kd3 Ra2 54. a5 Kf5 55. a6 {[%emt 0:00:00] normal} Kg5 56. Ke4 {[%emt 0:00:00] normal} 0-1

[Event "GER-ch Youth U12 2019"]
[Site "Willingen"]
[Date "2019.06.13"]
[Round "7.11"]
[White "Bungarten, Jona"]
[Black "Tomasjan, Samuel"]
[Result "1/2-1/2"]
[ECO "C10"]
[WhiteElo "1642"]
[BlackElo "1476"]
[Annotator "NA"]
[PlyCount "36"]
[EventDate "2019.06.07"]
[EventType "swiss"]
[EventRounds "9"]
[EventCountry "GER"]
[SourceTitle "playchess.com"]
[Source "ChessBase"]
[SourceQuality "1"]
[TimeControl "40/4500+30:900+30"]

1. e4 e6 2. d4 d5 3. Nd2 dxe4 4. Nxe4 Nd7 5. Nf3 Ngf6 6. Nxf6+ Nxf6 7. Bg5 Be7 8. Bd3 Nd7 9. Bxe7 Qxe7 10. Qe2 O-O 11. O-O-O c5 12. h4 cxd4 13. Bxh7+ Kxh7 14. Ng5+ Kg8 15. Rxd4 Nf6 16. h5 Bd7 17. h6 gxh6 18. Qe5 h5 {[%emt 0:13:18] normal} 1/2-1/2

[Event "GER-ch Youth U12 2019"]
[Site "Willingen"]
[Date "2019.06.13"]
[Round "7.13"]
[White "Zweigait, Leon"]
[Black "Gressler, Christian"]
[Result "1-0"]
[ECO "A14"]
[WhiteElo "1474"]
[BlackElo "1416"]
[Annotator "NA"]
[PlyCount "45"]
[EventDate "2019.06.07"]
[EventType "swiss"]
[EventRounds "9"]
[EventCountry "GER"]
[SourceTitle "playchess.com"]
[Source "ChessBase"]
[SourceQuality "1"]
[TimeControl "40/4500+30:900+30"]

1. Nf3 Nf6 2. c4 e6 3. g3 d5 4. Bg2 Be7 5. O-O O-O 6. b3 Nbd7 7. Bb2 c6 8. Nc3 Re8 9. e3 Nf8 10. Qe2 b6 11. Rad1 Bb7 12. Ne5 Ng6 13. f4 Nd7 14. Nxd7 Qxd7 15. h4 Qc7 16. h5 Nf8 17. g4 Bd6 18. g5 g6 19. Qg4 Bc8 20. Qh4 Bd7 21. hxg6 fxg6 22. Qh6 Rad8 23. Nxd5 {[%emt 0:00:00] normal} 1-0

[Event "GER-ch Youth U12 2019"]
[Site "Willingen"]
[Date "2019.06.13"]
[Round "7.14"]
[White "Schwartz, Oliver"]
[Black "Hoettler, Alexander Walter"]
[Result "1/2-1/2"]
[ECO "B38"]
[WhiteElo "1616"]
[BlackElo "1802"]
[Annotator "NA"]
[PlyCount "54"]
[EventDate "2019.06.07"]
[EventType "swiss"]
[EventRounds "9"]
[EventCountry "GER"]
[SourceTitle "playchess.com"]
[Source "ChessBase"]
[SourceQuality "1"]
[TimeControl "40/4500+30:900+30"]

1. e4 c5 2. Nf3 Nc6 3. d4 cxd4 4. Nxd4 g6 5. c4 Bg7 6. Be3 Nf6 7. Nc3 O-O 8. Be2 d6 9. Qd2 Bd7 10. O-O Nxd4 11. Bxd4 Bc6 12. f3 Nd7 13. Be3 a5 14. b3 Qc7 15. Rab1 Rfe8 16. Nd5 Qd8 17. Bh6 Bxd5 18. exd5 Nc5 19. Rfe1 Qb6 20. Be3 Qb4 21. Qc1 Qc3 22. Bf1 Qxc1 23. Rbxc1 h6 24. Rc2 Kf8 25. Rce2 b6 26. g3 Rab8 27. Bh3 Rb7 {[%emt 0:01:38] normal} 1/2-1/2

[Event "GER-ch Youth U12 2019"]
[Site "Willingen"]
[Date "2019.06.13"]
[Round "7.15"]
[White "Meuer, David"]
[Black "Mueller, Maximilian"]
[Result "1/2-1/2"]
[ECO "B22"]
[WhiteElo "1549"]
[BlackElo "1606"]
[Annotator "NA RC"]
[PlyCount "169"]
[EventDate "2019.06.07"]
[EventType "swiss"]
[EventRounds "9"]
[EventCountry "GER"]
[SourceTitle "playchess.com"]
[Source "ChessBase"]
[SourceQuality "1"]
[TimeControl "40/4500+30:900+30"]

1. e4 c5 2. c3 Nf6 3. e5 Nd5 4. d4 cxd4 5. cxd4 e6 6. Nf3 Nc6 7. Bc4 Nb6 8. Bb3 d5 9. O-O Be7 10. Nc3 Bd7 11. Be3 Na5 12. Bc2 Nac4 13. Qc1 Nxe3 14. fxe3 Nc4 15. Ne1 Rc8 16. Nd3 h6 17. Rf3 Rf8 18. Qe1 b5 19. a3 a5 20. b4 Qc7 21. Nc5 Bxc5 22. bxc5 b4 23. axb4 axb4 24. Na2 Ra8 25. Nxb4 Rxa1 26. Qxa1 Qa5 27. Qxa5 Nxa5 28. Bd3 Ke7 29. Rf1 Rb8 30. Rb1 Rc8 31. Nc2 Nc6 32. Rb7 Rb8 33. Rxb8 Nxb8 34. Nb4 Kd8 35. Kf1 Kc7 36. Ke1 Be8 37. Na6+ Nxa6 38. Bxa6 f6 39. exf6 gxf6 40. Kf2 Bg6 41. g4 Be8 42. Bd3 Bf7 43. Kg3 Kd8 44. Kf4 Be8 45. h4 Ke7 46. g5 hxg5+ 47. hxg5 fxg5+ 48. Kxg5 Bc6 49. Ba6 Ba4 50. Bb7 Bc2 51. Kf4 Be4 52. Ke5 Kd7 53. c6+ Kc7 54. Kxe6 Bh1 55. Ke5 Be4 56. Kf4 Bd3 57. Kf3 Be4+ 58. Kf4 Bd3 59. Ke5 Be4 60. Ba6 Kxc6 61. Bc8 Bg2 62. Bf5 Bf3 63. Bd3 Bg2 64. Ke6 Bf3 65. Ke5 Bg2 66. Be2 Be4 67. Bh5 Bg2 68. Bf7 Be4 69. Ke6 Bf3 70. Be8+ Kc7 71. Ba4 Be4 72. Bb3 Kc6 73. Ke5 Bf3 74. Bc2 Bg2 75. e4 Bxe4 76. Bxe4 dxe4 77. Kxe4 Kd6 78. d5 Kd7 79. Ke5 Ke7 80. d6+ Kd8 81. Kf6 Kd7 82. Ke5 Kd8 83. Ke6 Ke8 84. d7+ Kd8 85. Kd6 {[%emt 0:00:11] normal} 1/2-1/2

[Event "GER-ch Youth U12 2019"]
[Site "Willingen"]
[Date "2019.06.14"]
[Round "8.1"]
[White "Kempe, Caius Emilian"]
[Black "Foerster-Yialamas, Lucas"]
[Result "0-1"]
[ECO "D70"]
[WhiteElo "1766"]
[BlackElo "1981"]
[Annotator "NA"]
[PlyCount "72"]
[EventDate "2019.06.07"]
[EventType "swiss"]
[EventRounds "9"]
[EventCountry "GER"]
[SourceTitle "playchess.com"]
[Source "ChessBase"]
[SourceQuality "1"]
[TimeControl "40/4500+30:900+30"]

1. d4 Nf6 2. c4 g6 3. f3 d5 4. cxd5 Nxd5 5. e4 Nb6 6. Nc3 Bg7 7. Be3 O-O 8. Qd2 Nc6 9. O-O-O e5 10. d5 Ne7 11. h4 f5 12. exf5 Nxf5 13. Bg5 Bf6 14. Nh3 Ng3 15. Rh2 Nxf1 16. Rxf1 Bxh3 17. Rxh3 Bxg5 18. hxg5 Nc4 19. Qe2 Qxg5+ 20. Kb1 Nd2+ 21. Ka1 Nxf1 22. Qxf1 Rad8 23. Qh1 Rf7 24. Ne4 Qf5 25. g4 Qd7 26. d6 cxd6 27. Ng5 Rc8 28. Nxf7 Qxf7 29. Qd1 Qc4 30. Rh1 d5 31. a3 d4 32. Re1 Qd5 33. Qe2 d3 34. Qd2 Rc2 35. Qe3 d2 {normal} 36. Rd1 Qb5 0-1

[Event "GER-ch Youth U12 2019"]
[Site "Willingen"]
[Date "2019.06.14"]
[Round "8.2"]
[White "Bakiev, Diyor"]
[Black "Kluehs, Gustaf"]
[Result "1/2-1/2"]
[ECO "C02"]
[WhiteElo "2123"]
[BlackElo "1705"]
[Annotator "NA"]
[PlyCount "51"]
[EventDate "2019.06.07"]
[EventType "swiss"]
[EventRounds "9"]
[EventCountry "GER"]
[SourceTitle "playchess.com"]
[Source "ChessBase"]
[SourceQuality "1"]
[TimeControl "40/4500+30:900+30"]

1. e4 e6 2. d4 d5 3. e5 c5 4. c3 Nc6 5. Nf3 Bd7 6. Be2 Nge7 7. Na3 Ng6 8. Nc2 cxd4 9. cxd4 Be7 10. O-O O-O 11. Bd3 f5 12. exf6 Bxf6 13. Bxg6 hxg6 14. Qd3 Be8 15. Re1 Bf7 16. Bf4 g5 17. Bg3 g4 18. Ne5 Nxe5 19. Bxe5 Rc8 20. Rac1 Bxe5 21. Rxe5 Qf6 22. Qe3 Rc6 23. Ne1 Rxc1 24. Qxc1 Bg6 25. Qe3 Be4 26. f3 {[%emt 0:10:59] normal} 1/2-1/2

[Event "GER-ch Youth U12 2019"]
[Site "Willingen"]
[Date "2019.06.14"]
[Round "8.3"]
[White "Metzdorf, Matteo"]
[Black "Sosa Costa, Leonardo"]
[Result "0-1"]
[ECO "C78"]
[WhiteElo "1859"]
[BlackElo "1945"]
[Annotator "NA"]
[PlyCount "61"]
[EventDate "2019.06.07"]
[EventType "swiss"]
[EventRounds "9"]
[EventCountry "GER"]
[SourceTitle "playchess.com"]
[Source "ChessBase"]
[SourceQuality "1"]
[TimeControl "40/4500+30:900+30"]

1. e4 e5 2. Nf3 Nc6 3. Bb5 a6 4. Ba4 Nf6 5. O-O b5 6. Bb3 Bc5 7. d3 d6 8. c3 h6 9. Re1 Bb6 10. Nbd2 O-O 11. Nf1 Ne7 12. Ng3 Ng6 13. a4 Bd7 14. h3 c5 15. d4 Rb8 16. Be3 Re8 17. dxc5 dxc5 18. a5 Bxa5 19. Bxc5 Bb6 20. Bd6 Ra8 21. Qd2 Qc8 22. Kh2 Qb7 23. Rad1 Rad8 24. Qc2 Bc6 25. Qb1 Bxf2 26. Nf5 Bxe1 27. Rxe1 Bxe4 28. Bc2 Bxf5 29. Bxf5 Rxd6 30. Bxg6 fxg6 31. Qxg6 {[%emt 0:00:27] normal} 0-1

[Event "GER-ch Youth U12 2019"]
[Site "Willingen"]
[Date "2019.06.14"]
[Round "8.4"]
[White "Stork, Christopher"]
[Black "Reichmann, Felix"]
[Result "1/2-1/2"]
[ECO "B35"]
[WhiteElo "1817"]
[BlackElo "1725"]
[Annotator "NA"]
[PlyCount "48"]
[EventDate "2019.06.07"]
[EventType "swiss"]
[EventRounds "9"]
[EventCountry "GER"]
[SourceTitle "playchess.com"]
[Source "ChessBase"]
[SourceQuality "1"]
[TimeControl "40/4500+30:900+30"]

1. e4 c5 2. Nf3 g6 3. d4 cxd4 4. Nxd4 Bg7 5. Nc3 Nc6 6. Be3 Nf6 7. Bc4 O-O 8. Bb3 Qa5 9. O-O d6 10. h3 Bd7 11. f4 Rac8 12. a3 a6 13. Nd5 Nxd5 14. exd5 Nxd4 15. Bxd4 Bxd4+ 16. Qxd4 Bf5 17. Rf2 Qc5 18. Qxc5 Rxc5 19. Re2 Re8 20. g4 Bd7 21. Rae1 Kf8 22. Kf2 Bb5 23. Re4 Bd7 24. Kg3 a5 {[%emt 0:05:42] normal} 1/2-1/2

[Event "GER-ch Youth U12 2019"]
[Site "Willingen"]
[Date "2019.06.14"]
[Round "8.5"]
[White "von Mettenheim, Johannes"]
[Black "Ohler, Julius"]
[Result "1-0"]
[ECO "D56"]
[WhiteElo "1757"]
[BlackElo "1837"]
[Annotator "NA"]
[PlyCount "117"]
[EventDate "2019.06.07"]
[EventType "swiss"]
[EventRounds "9"]
[EventCountry "GER"]
[SourceTitle "playchess.com"]
[Source "ChessBase"]
[SourceQuality "1"]
[TimeControl "40/4500+30:900+30"]

1. d4 d5 2. c4 e6 3. Nc3 Nf6 4. Bg5 Be7 5. e3 h6 6. Bh4 O-O 7. Nf3 Nbd7 8. Rc1 a6 9. Ne5 dxc4 10. Nxc4 Nd5 11. Bxe7 Qxe7 12. Be2 Nxc3 13. bxc3 e5 14. O-O exd4 15. cxd4 c5 16. dxc5 Nxc5 17. Nb6 Rb8 18. Qc2 Ne6 19. Nxc8 Rbxc8 20. Qxc8 Rxc8 21. Rxc8+ Kh7 22. Rb1 Qd7 23. Rc2 Qa4 24. Bd3+ g6 25. Rxb7 Kg7 26. Rb6 a5 27. Rb3 Qg4 28. f3 Qg5 29. f4 Qd5 30. Be2 g5 31. fxg5 hxg5 32. Bf3 Qe5 33. h3 a4 34. Rbc3 f5 35. Kf2 f4 36. Bg4 fxe3+ 37. Rxe3 Qf4+ 38. Bf3 Nd4 39. Rc4 Qf6 40. Rxa4 Nxf3 41. Rxf3 Qd6 42. Rg4 Qc5+ 43. Re3 Qc2+ 44. Re2 Qc5+ 45. Kf1 Qf5+ 46. Kg1 Qb1+ 47. Kh2 Qb8+ 48. Rg3 Kg6 49. Re4 Qa8 50. Reg4 Qxa2 51. Rxg5+ Kf6 52. R5g4 Qd2 53. Rf3+ Ke5 54. h4 Qe1 55. h5 Qd2 56. Rgf4 Qd6 57. Rf6 Qd2 58. h6 Qe1 59. h7 {[%emt 0:00:16] normal} 1-0

[Event "GER-ch Youth U12 2019"]
[Site "Willingen"]
[Date "2019.06.14"]
[Round "8.6"]
[White "Fuchs, Florian"]
[Black "Freude, Max"]
[Result "1-0"]
[ECO "C42"]
[WhiteElo "2235"]
[BlackElo "1707"]
[Annotator "NA"]
[PlyCount "61"]
[EventDate "2019.06.07"]
[EventType "swiss"]
[EventRounds "9"]
[EventCountry "GER"]
[SourceTitle "playchess.com"]
[Source "ChessBase"]
[SourceQuality "1"]
[TimeControl "40/4500+30:900+30"]

1. e4 e5 2. Nf3 Nf6 3. Nxe5 d6 4. Nc4 Nxe4 5. Qe2 Qe7 6. Ne3 c6 7. c4 g6 8. g3 Bg7 9. Bg2 Nf6 10. Nc3 O-O 11. O-O Na6 12. d4 Nc7 13. Rd1 Re8 14. b3 Bd7 15. Bb2 Ng4 16. Ne4 Nxe3 17. Qxe3 f5 18. Ng5 Qxe3 19. fxe3 Rxe3 20. Bc1 Re7 21. Ba3 c5 22. dxc5 Bxa1 23. cxd6 Rg7 24. Rxa1 Bc6 25. dxc7 Bxg2 26. Ne6 Rd7 27. Kxg2 Re8 28. Kh3 Rc8 29. Re1 Rd2 30. Nd8 h5 31. Re8+ {[%emt 0:00:55] normal} 1-0

[Event "GER-ch Youth U12 2019"]
[Site "Willingen"]
[Date "2019.06.14"]
[Round "8.7"]
[White "Deuer, Marius"]
[Black "Bock, Marlon"]
[Result "1/2-1/2"]
[ECO "C88"]
[WhiteElo "1961"]
[BlackElo "1596"]
[Annotator "NA"]
[PlyCount "120"]
[EventDate "2019.06.07"]
[EventType "swiss"]
[EventRounds "9"]
[EventCountry "GER"]
[SourceTitle "playchess.com"]
[Source "ChessBase"]
[SourceQuality "1"]
[TimeControl "40/4500+30:900+30"]

1. e4 e5 2. Nf3 Nc6 3. Bb5 a6 4. Ba4 Nf6 5. O-O Be7 6. Re1 b5 7. Bb3 O-O 8. a4 Bb7 9. d3 d6 10. Nbd2 Re8 11. Nf1 Bf8 12. Ng5 Re7 13. Ng3 g6 14. c3 h6 15. Nf3 Nb8 16. h3 Nbd7 17. Nh2 c5 18. Ng4 Kh7 19. Nxf6+ Nxf6 20. f4 Qc7 21. f5 c4 22. fxg6+ fxg6 23. Bc2 Rd8 24. axb5 axb5 25. Qe2 d5 26. dxc4 dxc4 27. Be3 Red7 28. Qf2 Rd6 29. Ra3 Ng8 30. b4 Rf6 31. Qe2 Ra8 32. Rxa8 Bxa8 33. Ra1 Bb7 34. Ra5 Ba6 35. h4 Be7 36. Ra1 h5 37. Nf1 Rc6 38. Bf2 Bc8 39. Ra7 Bb7 40. Ne3 Ra6 41. Nd5 Qb8 42. Rxa6 Bxa6 43. Nxe7 Nxe7 44. Qd2 Qc7 45. Bc5 Bc8 46. Qg5 Ng8 47. Bf2 Ne7 48. Qf6 Ng8 49. Qf8 Bg4 50. Bg3 Nh6 51. Qe8 Qa7+ 52. Kh1 Qa1+ 53. Kh2 Be6 54. Qe7+ Bf7 55. Kh3 Qh1+ 56. Bh2 Ng4 57. Qxf7+ Kh8 58. Qe8+ Kh7 59. Qe7+ Kh8 60. Qd8+ Kh7 {[%emt 0:00:00] unterminated} 1/2-1/2

[Event "GER-ch Youth U12 2019"]
[Site "Willingen"]
[Date "2019.06.14"]
[Round "8.8"]
[White "Hagner, Bennet"]
[Black "Zweigait, Leon"]
[Result "1-0"]
[ECO "B40"]
[WhiteElo "1900"]
[BlackElo "1474"]
[Annotator "NA"]
[PlyCount "63"]
[EventDate "2019.06.07"]
[EventType "swiss"]
[EventRounds "9"]
[EventCountry "GER"]
[SourceTitle "playchess.com"]
[Source "ChessBase"]
[SourceQuality "1"]
[TimeControl "40/4500+30:900+30"]

1. e4 c5 2. Nf3 e6 3. d4 cxd4 4. Nxd4 Nf6 5. Nc3 Nc6 6. Ndb5 Bc5 7. Bf4 O-O 8. Bc7 Qe7 9. Bd6 Bxd6 10. Qxd6 Ne8 11. Qxe7 Nxe7 12. O-O-O f5 13. Nd6 Nxd6 14. Rxd6 fxe4 15. Nxe4 Nf5 16. Rd2 d5 17. Ng3 Nxg3 18. hxg3 Bd7 19. Bd3 h6 20. f4 Rad8 21. Rh5 Kf7 22. Re5 Kf6 23. Rde2 Bc8 24. Kd2 Rd6 25. c3 Bd7 26. Ke3 Rc8 27. Kd4 a6 28. g4 Bb5 29. f5 Rcc6 30. fxe6 Rxe6 {[%emt 0:00:00] normal} 31. Rxe6+ Rxe6 32. Rxe6+ {[%emt 0:00:05] normal} 1-0

[Event "GER-ch Youth U12 2019"]
[Site "Willingen"]
[Date "2019.06.14"]
[Round "8.9"]
[White "Heinrich, John"]
[Black "Hecht, Jonas Christian"]
[Result "1/2-1/2"]
[ECO "C43"]
[WhiteElo "1695"]
[BlackElo "1726"]
[Annotator "NA"]
[PlyCount "52"]
[EventDate "2019.06.07"]
[EventType "swiss"]
[EventRounds "9"]
[EventCountry "GER"]
[SourceTitle "playchess.com"]
[Source "ChessBase"]
[SourceQuality "1"]
[TimeControl "40/4500+30:900+30"]

1. e4 e5 2. Nf3 Nf6 3. d4 Nxe4 4. Bd3 d5 5. Nxe5 Bd6 6. O-O O-O 7. c4 c6 8. Nc3 Nxc3 9. bxc3 Nd7 10. f4 Qe7 11. cxd5 cxd5 12. Qf3 Nf6 13. Bd2 Re8 14. Be1 Qc7 15. Rc1 Ne4 16. c4 f6 17. Ng4 Bxg4 18. Qxg4 Kh8 19. Rc2 Qf7 20. Qf5 Rac8 21. Qxd5 Qxd5 22. cxd5 f5 23. Bg3 Rxc2 24. Bxc2 Nc3 25. Re1 Rxe1+ 26. Bxe1 Nxa2 {[%emt 0:06:52] normal} 1/2-1/2

[Event "GER-ch Youth U12 2019"]
[Site "Willingen"]
[Date "2019.06.14"]
[Round "8.10"]
[White "Tomasjan, Samuel"]
[Black "Breitkopf-Lazar, Patrick-Robert"]
[Result "0-1"]
[ECO "C58"]
[WhiteElo "1476"]
[BlackElo "1659"]
[Annotator "NA"]
[PlyCount "69"]
[EventDate "2019.06.07"]
[EventType "swiss"]
[EventRounds "9"]
[EventCountry "GER"]
[SourceTitle "playchess.com"]
[Source "ChessBase"]
[SourceQuality "1"]
[TimeControl "40/4500+30:900+30"]

1. e4 e5 2. Nf3 Nc6 3. Bc4 Nf6 4. Ng5 d5 5. exd5 Na5 6. Bb5+ c6 7. dxc6 bxc6 8. Qf3 Be7 9. Bd3 h6 10. Ne4 Nd5 11. Ng3 O-O 12. O-O Nb4 13. a3 Nxd3 14. cxd3 Nb3 15. Ra2 Be6 16. Nc3 Nxc1 17. Rxc1 Bxa2 18. Nxa2 Qd5 19. Qxd5 cxd5 20. Kf1 Rac8 21. Nf5 Rxc1+ 22. Nxc1 Bf6 23. Ne3 e4 24. dxe4 dxe4 25. Nc4 Rc8 26. b3 a5 27. a4 Be7 28. Na2 Bb4 29. Nxb4 axb4 30. Ke2 Kf8 31. f3 exf3+ 32. gxf3 Ke7 33. d4 f5 34. Kd3 g5 35. d5 {[%emt 0:01:11] normal} 0-1

[Event "GER-ch Youth U12 2019"]
[Site "Willingen"]
[Date "2019.06.14"]
[Round "8.11"]
[White "Guo, Philipp Ziming"]
[Black "Woltmann, Peter"]
[Result "1-0"]
[ECO "C11"]
[WhiteElo "1674"]
[BlackElo "1471"]
[Annotator "NA"]
[PlyCount "86"]
[EventDate "2019.06.07"]
[EventType "swiss"]
[EventRounds "9"]
[EventCountry "GER"]
[SourceTitle "playchess.com"]
[Source "ChessBase"]
[SourceQuality "1"]
[TimeControl "40/4500+30:900+30"]

1. e4 e6 2. d4 d5 3. Nc3 Nf6 4. e5 Nfd7 5. f4 c5 6. Nf3 Be7 7. Be2 Nc6 8. Be3 Qb6 9. Na4 Qa5+ 10. Nc3 O-O 11. O-O h6 12. Qd2 cxd4 13. Nxd4 Nxd4 14. Bxd4 Bc5 15. Rad1 Bxd4+ 16. Qxd4 Qb6 17. Qxb6 Nxb6 18. Nb5 Bd7 19. Nd6 Bc6 20. Bg4 Nc4 21. Nxc4 dxc4 22. Rd4 b5 23. Rfd1 a5 24. Kf2 a4 25. a3 Rfc8 26. c3 Kf8 27. Bf3 g5 28. Bxc6 Rxc6 29. fxg5 hxg5 30. Rg4 b4 31. cxb4 c3 32. bxc3 Rxc3 33. Rg3 Rc2+ 34. Ke3 Ra2 35. Rd3 Rc8 36. Rxg5 Rcc2 37. g3 Rxh2 38. Rd8+ Ke7 39. Rgg8 Rxa3+ 40. Kf4 f6 41. Rge8+ Kf7 42. Rf8+ Kg7 43. exf6+ Kg6 {[%emt 0:00:52] normal} 1-0

[Event "GER-ch Youth U12 2019"]
[Site "Willingen"]
[Date "2019.06.14"]
[Round "8.12"]
[White "Amato, Cristiano"]
[Black "Malchereck, Zion"]
[Result "1-0"]
[ECO "C77"]
[WhiteElo "1800"]
[BlackElo "1438"]
[Annotator "NA"]
[PlyCount "58"]
[EventDate "2019.06.07"]
[EventType "swiss"]
[EventRounds "9"]
[EventCountry "GER"]
[SourceTitle "playchess.com"]
[Source "ChessBase"]
[SourceQuality "1"]
[TimeControl "40/4500+30:900+30"]

1. e4 e5 2. Nf3 Nc6 3. Bb5 a6 4. Ba4 Nf6 5. Qe2 b5 6. Bb3 Bc5 7. a4 Rb8 8. axb5 axb5 9. c3 d6 10. O-O O-O 11. d3 h6 12. Rd1 Bg4 13. Nbd2 b4 14. h3 Bh5 15. Bc4 Re8 16. Nf1 d5 17. exd5 Nxd5 18. Bd2 bxc3 19. bxc3 Nb6 20. Bb5 Qf6 21. Ng3 Bxf3 22. gxf3 Qg6 23. Kh2 Nd7 24. Bc4 Nf6 25. Rg1 Rb2 26. Ne4 Qf5 27. Nxc5 Nh5 28. Qe4 Qc8 29. Qg6 Rxd2 {[%emt 0:01:37] normal} 1-0

[Event "GER-ch Youth U12 2019"]
[Site "Willingen"]
[Date "2019.06.14"]
[Round "8.13"]
[White "Duong, Quang Bach"]
[Black "Haenselmann, Hendrik"]
[Result "0-1"]
[ECO "B21"]
[WhiteElo "1647"]
[BlackElo "1819"]
[Annotator "NA"]
[PlyCount "39"]
[EventDate "2019.06.07"]
[EventType "swiss"]
[EventRounds "9"]
[EventCountry "GER"]
[SourceTitle "playchess.com"]
[Source "ChessBase"]
[SourceQuality "1"]
[TimeControl "40/4500+30:900+30"]

1. e4 c5 2. d4 cxd4 3. c3 dxc3 4. Nxc3 Nc6 5. Nf3 d6 6. Bc4 a6 7. O-O Nf6 8. Qe2 Bg4 9. Rd1 e6 10. h3 Bxf3 11. Qxf3 Be7 12. Bf4 Qb8 13. Rac1 O-O 14. Be2 Ne5 15. Qg3 b5 16. b4 Ra7 17. Bg5 Rc8 18. f4 Ng6 19. Bd3 Rac7 20. Bb1 {[%emt 0:04:54] normal} 0-1